AoeStats
← 无助小羊

Arena

510729327Analyzed
3v3 RM · 1d ago on Oct 2, 2026· 46m 10s· 6 players
Game mode
Random Map
Map size
Normal (6 player)
Population
200
Speed
Normal
Resources
Standard
Victory
Conquest
Starting age
Dark Age
Ending age
Imperial Age
RankedLock teamsTeams togetherTeam positionsShared explorationLock speedFull tech treeHidden civsTurbo modeCheats
Victory
Defeat
🇳🇿 Khmer · New Zealand
1389
+14
🇦🇺 Inca · Australia
1386
+14
🇳🇿 Ethiopians · New Zealand
1332
+16
🇨🇳 Mongols · China
1392
-17
🇨🇭 Vikings · Switzerland
1313
-14
🇩🇪 Magyars · Germany
1296
-13
ImOneWithTheTree
10:33 Feudal Age
11:06 Loom
12:31 Double-Bit Axe
14:54 Castle Age
13:30 Horse Collar
17:48 Bow Saw
23:07 Heavy Plow
28:18 Imperial Age
26:17 Scale Mail Armor
26:28 Forging
27:25 Chieftains
28:32 Chain Mail Armor
28:52 Iron Casting
29:26 Iron Casting
29:42 Gold Mining
30:06 Elite Berserk
31:32 Conscription
32:00 Plate Mail Armor
32:43 Blast Furnace
32:56 Devotion
33:12 Squires
32:58 Arson
35:59 Pikeman
36:06 Man-at-Arms
37:50 Long Swordsman
38:58 Fervor
39:04 Block Printing
38:50 Two-Handed Swordsman
40:45 Town Watch
41:44 Gold Shaft Mining
41:00 Stone Mining
Vespuccio
11:00 Feudal Age
15:10 Castle Age
13:20 Double-Bit Axe
16:04 Wheelbarrow
16:22 Bow Saw
17:12 Loom
20:04 Light Cavalry
22:01 Bow Saw
23:00 Devotion
24:01 Horse Collar
24:37 Town Watch
25:36 Bloodlines
27:01 Light Cavalry
29:28 Husbandry
31:18 Husbandry
31:44 Fletching
32:03 Husbandry
32:29 Bodkin Arrow
37:17 Imperial Age
35:56 Gold Mining
35:56 Stone Mining
38:23 Scale Mail Armor
38:13 Pikeman
39:10 Halberdier
40:16 Conscription
40:45 Chain Mail Armor
40:32 Bracer
42:16 Sanctity
42:23 Scale Barding Armor
43:27 Chain Barding Armor
43:27 Hand Cart
44:12 Elite Magyar Huszar
无助小羊
9:58 Feudal Age
9:16 Loom
13:59 Castle Age
12:35 Double-Bit Axe
25:49 Imperial Age
24:23 Fletching
26:51 Bodkin Arrow
27:39 Bracer
34:42 Wheelbarrow
35:36 Padded Archer Armor
36:48 Leather Archer Armor
37:20 Ballistics
38:56 Chemistry
37:58 Stone Mining
41:41 Parthian Tactics
41:38 Bow Saw
42:16 Husbandry
43:52 Thumb Ring
NADOLEAN
10:01 Feudal Age
11:53 Loom
14:54 Castle Age
13:33 Scale Mail Armor
14:25 Double-Bit Axe
16:59 Squires
17:40 Sanctity
22:41 Pikeman
23:29 Horse Collar
25:23 Redemption
27:37 Forging
27:43 Chain Mail Armor
38:51 Imperial Age
37:29 Bow Saw
37:20 Heavy Plow
37:11 Gold Mining
37:16 Fletching
37:26 Padded Archer Armor
37:56 Bodkin Arrow
37:53 Crossbowman
38:39 Thumb Ring
40:38 Ballistics
41:01 Wheelbarrow
40:32 Bracer
40:33 Padded Archer Armor
42:07 Chemistry
41:00 Arbalester
43:04 Gold Shaft Mining
43:49 Leather Archer Armor
43:59 Conscription
46:06 Fabric Shields
Wekawekawooo
8:58 Feudal Age
13:57 Castle Age
12:22 Double-Bit Axe
14:28 Horse Collar
19:07 Bow Saw
20:59 Scale Barding Armor
21:32 Gold Mining
22:51 Wheelbarrow
22:51 Bloodlines
22:52 Loom
23:37 Forging
24:13 Gold Shaft Mining
23:48 Husbandry
24:32 Chain Barding Armor
25:19 Iron Casting
25:19 Fletching
26:57 Hand Cart
29:39 Imperial Age
27:12 Town Watch
28:08 Heavy Plow
28:33 Town Patrol
31:03 Plate Barding Armor
34:05 Blast Furnace
33:11 Elite Battle Elephant
35:51 Conscription
35:53 Tusk Swords
36:23 Stone Mining
37:18 Bodkin Arrow
37:41 Light Cavalry
38:31 Hussar
39:57 Stone Shaft Mining
39:36 Bracer
42:50 Chemistry
41:47 Murder Holes
42:02 Masonry
46:08 Architecture
45:30 Guard Tower
45:46 Siege Engineers
45:42 Padded Archer Armor
Charles V
10:30 Feudal Age
14:31 Castle Age
13:12 Double-Bit Axe
13:08 Horse Collar
13:33 Gold Mining
15:34 Bow Saw
15:13 Loom
21:16 Town Watch
22:21 Scale Mail Armor
25:52 Chain Mail Armor
27:18 Wheelbarrow
31:29 Imperial Age
29:34 Murder Holes
29:36 Fletching
31:15 Hand Cart
32:31 Bodkin Arrow
33:30 Thumb Ring
32:45 Crossbowman
34:33 Chemistry
35:36 Plate Mail Armor
36:29 Bracer
36:39 Forging
35:59 Arbalester
38:40 Conscription
39:09 Padded Archer Armor
39:36 Ballistics
39:22 Royal Heirs
39:44 Stone Mining
40:29 Gold Shaft Mining
45:16 Torsion Engines
Connection lost

Rejoining the realm…

Still unreachable

The connection could not be restored.

Session expired

The server has moved on; the page needs a fresh start.